 Dungeon Crawl Stone Soup version 0.31-a0-232-gb1c03b2570 (webtiles) character file.

Game seed: 14030923736413693200

11 qw the Shooter (level 2, -1/24 HPs)
             Began as a Minotaur Hexslinger on July 7, 2023.
             Slain by a goblin
             ... wielding a +0 club
              (3 damage)
             ... on level 1 of the Dungeon.
             The game lasted 00:00:07 (190 turns).

qw the Shooter (Minotaur Hexslinger)                 Turns: 190, Time: 00:00:08

Health: -1/24      AC:  2    Str: 12    XL:     2   Next: 17%
Magic:  2/2        EV: 12    Int: 10    God:
Gold:   28         SH:  0    Dex: 12    Spells: 2/3 levels left

rFire   . . .        a - +1 sling
rCold   . . .        (no shield)
rNeg    . . .        c - +0 robe
rPois   .            (helmet restricted)
rElec   .            (no cloak)
rCorr   .            (no gloves)
SInv    .            (no boots)
Will    .....        (no amulet)
Stlth   +            (no ring)
HPRegen 0.24/turn    (no ring)
MPRegen 0.08/turn

%: no passive effects
@: no status effects
A: horns 2, retaliatory headbutt
a: no special abilities


You were on level 1 of the Dungeon.
You visited 1 branch of the dungeon, and saw 1 of its levels.

You collected 28 gold pieces.


Innate Abilities, Weirdness & Mutations

You have a pair of horns on your head.
You reflexively headbutt those who attack you in melee.


   Skills:
 + Level 1.6 Fighting
 - Level 3.0 Ranged Weapons
 - Level 2.1 Dodging
 - Level 1.0 Spellcasting
 - Level 2.0 Hexes


You had 2 spell levels left.
You knew the following spells:

 Your Spells              Type           Power      Damage    Failure   Level
a - Slow                  Hex            16%        N/A       16%         1

Your spell library contained the following spells:

 Spells                   Type           Power      Damage    Failure   Level
 Inner Flame              Hex/Fire       2%         N/A       56%         3
 Portal Projectile        Hex/Tloc       4%         N/A       56%         3
 Cause Fear               Hex            2%         N/A       83%         4

Inventory:

Hand Weapons
 a - a +1 sling (weapon)
Armour
 c - a +0 robe (worn)
Scrolls
 b - a scroll of poison
 d - a scroll of teleportation {unknown}
 e - a scroll of identify {unknown}
Potions
 f - 2 potions of heal wounds {unknown}

Dungeon Overview and Level Annotations

Branches:
Dungeon (1/15)

Altars:

Annotations:
D:1 1 runed translucent door


Message History

The sling bullet barely misses the hobgoblin.
The hobgoblin completely misses you. The hobgoblin closely misses you.
A ball python comes into view.
You shoot a sling bullet. The sling bullet hits the hobgoblin.
The hobgoblin is heavily wounded.
The hobgoblin hits you but does no damage.
A goblin comes into view. It is wielding a +0 club.
The hobgoblin barely misses you. The ball python barely misses you.
The ball python misses you. The hobgoblin barely misses you.
A frilled lizard comes into view.
The hobgoblin closely misses you. You furiously retaliate!
You headbutt the hobgoblin, but do no damage.
You shoot a sling bullet. The frilled lizard hisses angrily.
The goblin shouts!
The sling bullet hits the hobgoblin.
You kill the hobgoblin!
The ball python barely misses you. x2; The hobgoblin hits you.
You shoot a sling bullet. The sling bullet hits the hobgoblin.
The hobgoblin is heavily wounded.
The ball python completely misses you. The ball python barely misses you.
The hobgoblin misses you. The ball python bites you.
The ball python closely misses you.
You shoot a sling bullet.
The sling bullet hits the hobgoblin but does no damage.
The hobgoblin is heavily wounded.
The hobgoblin barely misses you. The ball python closely misses you.
You furiously retaliate!
You headbutt the ball python. The ball python closely misses you.
You shoot a sling bullet.
The sling bullet closely misses the ball python.
The ball python barely misses you. The ball python closely misses you.
The hobgoblin misses you.
The ball python bites you but does no damage.
The ball python barely misses you.
You shoot a sling bullet. The sling bullet hits the ball python.
You kill the ball python!
The hobgoblin hits you.
The hobgoblin hits you but does no damage.
The goblin hits you with a +0 club.
You die...

....... ### .......
... ......... ...
......... ...
.........
#.###%.......
##..#g%%......
#....@g.......
#.###.l....... #.#
#)........
#.###.#........#
#.##..##.......# #
#.##.####...#..## #
#.#.......###...######
#....######.........##
#..#.# #...........


You could see a hobgoblin, a goblin and a frilled lizard.

Vanquished Creatures
  An endoplasm (D:1)
  A giant cockroach (D:1)
  A goblin (D:1)
  2 hobgoblins (D:1)
  A kobold (D:1)
  A quokka (D:1)
  2 ball pythons (D:1)
  2 bats (D:1)
11 creatures vanquished.

Notes
Turn   | Place    | Note
-------+----------+-------------------------------------------
     0 | D:1      | qw the Minotaur Hexslinger began the quest for the Orb.
     0 | D:1      | Reached XP level 1. HP: 16/16 MP: 1/1
     0 | D:1      | Noticed a jelly
     0 | D:1      | 0 ||| qw: Version: 0.3-a-46-gb1f654a
     0 | D:1      | 0 ||| qw: Game counter: 2547
     0 | D:1      | 0 ||| qw: Melee chars always use a shield: true
     0 | D:1      | 0 ||| qw: God list: Okawaru
     0 | D:1      | 0 ||| qw: Allow faded altars: false
     0 | D:1      | 0 ||| qw: Do Orc after clearing Dungeon:15 true
     0 | D:1      | 0 ||| qw: Do second Lair branch before Depths: true
     0 | D:1      | 0 ||| qw: Lair rune preference: random
     0 | D:1      | 0 ||| qw: Goals: Normal
     0 | D:1      | 0 ||| PLANNING D:1-11
     1 | D:1      | Found a runed translucent door.
   166 | D:1      | Reached skill level 3 in Ranged Weapons
   176 | D:1      | Reached XP level 2. HP: 23/23 MP: 2/2
   186 | D:1      | HP: 4/23 [hobgoblin (3)]
   190 | D:1      | Slain by a goblin

Levels and vault maps discovered:
D:1:      dpeg_arrival_caged_fury, layout_rooms

Skill      XL: |  1 |
---------------+----+-----
Ranged Weapons | 3 |  3.0
Fighting       | |  1.6
Dodging        | |  2.1
Spellcasting   | |  1.0
Hexes          | |  2.0

Action                     || total
---------------------------++-------
   Fire: Sling             ||    38
 Armour: Robe              ||     5
  Dodge: Dodged            ||    27

Table legend:
 A = Non-vault XP
 B = Vault XP
 C = Vault XP percentage of total XP
 D = Non-vault monster count
 E = Vault monster count
 F = Vault count percentage of total count
                 A         B        C        D         E       F
            +---------+---------+-------+---------+---------+-------
      Total |      18 |       0 |   0.0 |      11 |       0 |   0.0
            +---------+---------+-------+---------+---------+-------
        D:1 |      18 |       0 |   0.0 |      11 |       0 |   0.0
            +---------+---------+-------+---------+---------+-------
